 Dungeon Crawl Stone Soup version 0.16-a0-3987-g5719e88 (webtiles) character file.

757778 Charly the Phalangite (level 27, -1/238 HPs)
             Began as a Merfolk Ice Elementalist on Feb 10, 2015.
             Was the Champion of Ashenzari.
             Slain by a large abomination (28 damage)
             ... summoned by Mnoleg
             ... while paralysed by a giant eyeball
             ... in Pandemonium on Feb 12, 2015.
             The game lasted 13:48:49 (36877 turns).

Charly the Phalangite (Merfolk Ice Elementalist)   Turns: 36877, Time: 13:48:49

Health: -1/238     AC: 21    Str: 10      XL:     27
Magic:  6/44       EV:  2    Int: 29 (34) God:    Ashenzari [******]
Gold:   3296       SH:  0    Dex: 23      Spells: 16 memorised, 3 levels left

rFire  + + .     SeeInvis +     a - +9 bardiche (freeze)
rCold  + . .     Clarity  +     q - +4 troll leather armour (curse)
rNeg   + + .     SustAb   .     (no shield)
rPois  +         Gourm    .     B - -2 hat of the Alchemist {rElec rPois+ rF+ rC+ rN+ MR+ rMut rCorr} (curse)
rElec  +         Spirit   .     l - +2 cloak of the Thief {+Fog Slay-2 SInv Stlth+} (curse)
rCorr  +         Warding  +     g - +0 pair of gloves of Parlour Games {rC+ Int+3} (curse)
rMut   +         Stasis   .     C - +1 pair of boots of the Lair of Beasts {+Blink Regen+ Dex+2} (curse)
MR     ++++.                    I - amulet of warding (curse)
Stlth  +++++++++.               o - ring "Jaoheg" {Fire Int+12} (curse)
                                D - ring "Uteochof" {MR+ Slay+2}

@: paralysed, icy armour, about to teleport, very slightly contaminated, hasted,
repel missiles, incredibly resistant to hostile enchantments, incredibly
stealthy
A: change form in water, swift swim
a: Scrying, Transfer Knowledge, Renounce Religion, Evoke Blink, Evoke Fog
}: 8/15 runes: serpentine, barnacled, slimy, silver, golden, demonic, fiery,
dark


You were in Pandemonium.
You worshipped Ashenzari.
Ashenzari was exalted by your worship.
You were full.

You visited 12 branches of the dungeon, and saw 63 of its levels.
You visited Pandemonium 2 times, and saw 31 of its levels.
You visited 2 ziggurats, and saw 19 of their levels (deepest: 11).
You also visited: Labyrinth, Bailey, Ice Cave and Wizlab.

You collected 6820 gold pieces.
You spent 3524 gold pieces at shops.

Inventory:

Hand weapons
 a - a +9 bardiche of freezing (weapon)
 b - a +6 demon trident of flaming
Armour
 g - the cursed +0 pair of gloves of Parlour Games (worn) {rC+ Int+3}
   (You found it on level 3 of the Elven Halls)

   It affects your intelligence (+3).
   It protects you from cold.
   It has a curse placed upon it.
 l - the cursed +2 cloak of the Thief (worn) {+Fog Slay-2 SInv Stlth+}
   (You found it in a labyrinth)

   It affects your accuracy and damage with ranged weapons and melee attacks
   (-2).
   It enhances your eyesight.
   It can be evoked to emit clouds of fog.
   It makes you more stealthy.
   It has a curse placed upon it.
 q - a cursed +4 troll leather armour (worn)
 B - the cursed -2 hat of the Alchemist (worn) {rElec rPois+ rF+ rC+ rN+ MR+ rMut rCorr}
   (You found it on level 3 of the Elven Halls)

   It protects you from fire.
   It protects you from cold.
   It insulates you from electricity.
   It protects you from poison.
   It protects you from negative energy.
   It affects your resistance to hostile enchantments.
   It protects you from acid and corrosion.
   It protects you from mutation.
   It has a curse placed upon it.
 C - the cursed +1 pair of boots of the Lair of Beasts (worn) {+Blink Regen+ Dex+2}
   (You found it on level 3 of the Elven Halls)

   It affects your dexterity (+2).
   It lets you blink.
   It increases your rate of regeneration.
   It has a curse placed upon it.
Rods
 i - a +9 rod of ignition (10/10)
   (You took it off a deep elf sorcerer on level 3 of the Elven Halls)
 m - a +3 rod of destruction (10/10)
   (You found it on level 7 of a ziggurat)
 u - a +6 lightning rod (14/14)
   (You took it off a vault guard on level 5 of the Vaults)
 v - a +4 rod of clouds (13/13)
   (You took it off a deep elf sorcerer on level 3 of the Elven Halls)
 E - a +4 rod of clouds (9/9)
   (You found it in Pandemonium)
 Q - a +0 rod of clouds (13/13)
   (You found it on level 2 of the Snake Pit)
Jewellery
 j - the ring of the Messenger {rC++ rN+ MP+9}
   (You found it on level 3 of the Crypt)

   [ring of positive energy]

   It greatly protects you from cold.
   It protects you from negative energy.
   It affects your magic capacity (+9).
 o - the cursed ring "Jaoheg" (right hand) {Fire Int+12}
   (You found it on level 9 of a ziggurat)

   [ring of fire]

   It enhances your fire magic, and weakens your ice magic.
   It affects your intelligence (+12).
   It protects you from fire.
   It makes you vulnerable to cold.
   It has a curse placed upon it.
 D - the ring "Uteochof" (left hand) {MR+ Slay+2}
   (You found it on level 7 of a ziggurat)

   [ring of protection from magic]

   It affects your accuracy and damage with ranged weapons and melee attacks
   (+2).
   It affects your resistance to hostile enchantments.
 I - a cursed amulet of warding (around neck)
 X - an uncursed ring of teleportation
Magical devices
 d - a wand of digging (16)
 h - a wand of digging (9)
 z - a wand of digging (7)
 M - a wand of digging (15)
 V - a wand of teleportation (1)
 Z - a wand of hasting (0)
Scrolls
 e - 10 scrolls of remove curse
 k - 2 scrolls of summoning
 n - 3 scrolls of fog
 p - a scroll of fear
 t - 5 scrolls of holy word
 A - 2 scrolls of teleportation
 F - 7 scrolls of magic mapping
 R - 11 scrolls of recharging
 U - a scroll of blinking
Potions
 f - 10 potions of restore abilities
 s - 12 potions of curing
 w - 5 potions of heal wounds
 x - 3 potions of resistance
 G - a potion of cancellation
 J - a potion of haste
 K - a potion of agility
 P - a potion of might
 T - a potion of magic
 W - a potion of cure mutation
Miscellaneous
 r - a phial of floods
 N - a legendary deck of war {Water, drawn: 11}
 O - 5 phantom mirrors
 S - a legendary deck of summoning {the Dance, drawn: 5}
 Y - a fan of gales
Comestibles
 c - 25 bread rations
 H - 2 royal jellies
 L - 5 meat rations


   Skills:
 + Level 24.2 Fighting
 - Level 26.0 Polearms
 - Level 3.0 Armour
 - Level 23.9(27) Dodging
 - Level 21.1(24.5) Stealth
   Level 3.5 Shields
 - Level 16.5 Spellcasting
   Level 0.7(2.2) Conjurations
 - Level 7.0(10.1) Hexes
 - Level 8.4(11.4) Charms
 - Level 9.0(11.9) Summonings
 - Level 3.0(5.6) Necromancy
 + Level 12.3(15.0) Translocations
 - Level 12.0(14.7) Transmutations
 - Level 9.0(11.9) Ice Magic
 - Level 5.0(8.0) Air Magic
 - Level 7.7(10.7) Earth Magic
 - Level 15.1(17.6) Evocations


You had 3 spell levels left.
You knew the following spells:

 Your Spells              Type           Power        Failure   Level  Hunger
a - Apportation           Tloc           #######...   0%          1    None
b - Blink                 Tloc           N/A          0%          2    None
c - Control Teleport      Chrm/Tloc      #######...   1%          4    None
d - Repel Missiles        Chrm/Air       ######       1%          2    None
f - Flight                Chrm/Air       ######....   1%          3    None
p - Phase Shift           Tloc           #######...   1%          5    None
q - Silence               Hex/Air        ######....   1%          5    None
r - Regeneration          Chrm/Necr      ######....   1%          3    None
s - Stoneskin             Trmt/Erth      #######.     1%          2    None
w - Spectral Weapon       Hex/Chrm       ######..     1%          3    None
z - Aura of Abjuration    Summ           #######...   2%          6    ###....
A - Ozocubu's Armour      Chrm/Ice       #####...     1%          3    None
B - Summon Butterflies    Summ           #######.     1%          1    None
C - Controlled Blink      Tloc           N/A          6%          7    #####..
P - Passwall              Trmt/Erth      #######...   1%          3    None
S - Statue Form           Trmt/Erth      #######..    2%          6    ###....


Dungeon Overview and Level Annotations

Branches:
Dungeon (15/15)            Temple (1/1) D:6            Lair (8/8) D:11
 Shoals (5/5) Lair:6        Snake (5/5) Lair:5        Slime (6/6) Lair:7
    Orc (4/4) D:11            Elf (3/3) Orc:3        Vaults (5/5) D:14
  Crypt (3/3) Vaults:2       Tomb (3/3) Crypt:3      Depths (5/5) D:15
    Zot (0/5) Depths:5

Altars:
Ashenzari
Elyvilon
Fedhas
Kikubaaqudgha
Makhleb
Nemelex Xobeh
Okawaru
Qazlal
Ru
Sif Muna
Trog
Vehumet
Xom
Zin
The Shining One
Beogh
Jiyva

Shops:
D:12 ?   Orc:4 *:([   Elf:2 :   Shoals:5 [   Vaults:1 ?

Portals:
Hell: Lair:8 Depths:3 Depths:5
Abyss: Depths:3 Depths:4
Pandemonium: Depths:3
Trove: Elf:2 (give 6 potions of haste)

Annotations:
D:3 Grinder
Lair:3 inmateoo's ghost, powerful TeGl
Lair:6 exclusion: oklob plant
Orc:4 Erolcha
Depths:4 Xtahua
Pan Mnoleg


Message History

The large abomination hits you.
The Killer Klown blinks!
The brain worm's bulging head throbs.
Something tries to feed on your intellect!
The large abomination hits you!!
The large abomination hits you but does no damage.
The large abomination hits your spectral weapon!!!
Your spectral weapon shares its damage with you!
Your spectral weapon fades away.
The large abomination hits you! Mnoleg claws you! Mnoleg completely misses you.
Mnoleg gores you but does no damage. Mnoleg kicks you but does no damage.
The large abomination hits you! Mnoleg claws you. Mnoleg freezes you!!
You resist.
* * * LOW HITPOINT WARNING * * *
Mnoleg barely misses you. Mnoleg gores you but does no damage.
Mnoleg kicks you!
* * * LOW HITPOINT WARNING * * *
The large abomination hits you!!
* * * LOW HITPOINT WARNING * * *
The large abomination hits you!!
You die...

** ,,, **###, ,, **,
..$...**. ** **, ,
,.....w*§.. , ,
#.........#* **,,,, ,,
#..§..G...# **, , ,
#.......[.# , * , ,
#....XG...#* * ** ,
##..%X&XX..## *** ,
*#...w.G@X...## , **
,* #..X.p........##{ {
*, **,....#####.....##
,,**, *,,...*
####.....## , #. ,, .,
##..##.....##*#... *
,,**
##....##.....##.... *,
, *
##......##..........#
**,,,**
##...##...##........#*
, **
##...####...##......##


You could see Mnoleg, a Killer Klown, a tentacled monstrosity, an eldritch
tentacle, an eye of devastation, 5 large abominations, a brain worm and 2 giant
eyeballs.

Vanquished Creatures
  the royal jelly (Slime:6)
  Gloorx Vloq (Pan)
  A seraph (Pan)
  2 ancient liches
  13 greater mummies
  Boris (Tomb:1)
  2 shard shrikes (Zig:6)
  2 Killer Klowns (Pan)
  Mara (Vaults:3)
  Mennas (Tomb:2)
  2 golden dragons
  Jory (Crypt:3)
  A profane servitor (Crypt:3)
  2 pearl dragons (Pan)
  A spectral weapon (Zig:8)
  9 pandemonium lords (Pan)
  Nikola (Vaults:2)
  13 tentacled monstrosities
  4 Brimstone Fiends (Pan)
  3 Ice Fiends
  5 Hell Sentinels (Pan)
  5 titans (Vaults:5)
  2 deep elf blademasters (Elf:3)
  2 deep elf master archers (Elf:3)
  The ghost of dysrexia the Imperceptible, a mighty KoAs of Dithmenos (Shoals:5)
  22 acid blobs
  10 sphinxes
  A kraken (Shoals:1)
  A Shadow Fiend (Pan)
  6 liches
  2 tentacled starspawn
  2 octopode crushers
  2 ancient champions
  2 storm dragons
  14 Executioners (Pan)
  3 shadow dragons
  Frances (Shoals:1)
  5 azure jellies (Slime:6)
  10 daevas (Pan)
  Ilsuiw (Shoals:5)
  2 revenants
  11 vault wardens
  5 tengu reavers
  4 greater nagas
  9 fire giants
  9 balrugs (Pan)
  4 chaos champions (Pan)
  Wiglaf (Snake:5)
  Maud (D:14)
  10 deep elf sorcerers
  8 frost giants
  2 iron dragons (Vaults:5)
  2 cacodemons (Pan)
  7 emperor scorpions (Tomb:3)
  Louise (Elf:1)
  2 curse skulls (Pan)
  3 warmongers (Pan)
  3 orc warlords
  16 angels (Pan)
  3 ghost moths (Zig:7)
  2 ghouls (Crypt:3)
  13 ironheart preservers
  Jorgrun (Shoals:2)
  A draconian shifter (WizLab)
  A war gargoyle (Vaults:5)
  A spriggan defender (Depths:3)
  11 reapers
  3 rakshasas (Depths:1)
  7 very ugly things
  16 apis (Pan)
  4 bennus (Tomb:2)
  9 ophanim (Pan)
  2 black suns (Pan)
  9 stone giants
  2 vampire knights (Depths:3)
  9 deep elf demonologists
  A blood saint (Pan)
  6 lorocyprocas (Pan)
  8 deep elf annihilators
  4 corrupters (Pan)
  2 dire elephants
  8 merfolk javelineers
  7 death oozes
  An unborn (Crypt:3)
  6 ettins
  7 deep elf death magi
  7 blizzard demons
  21 mummy priests
  8 merfolk impalers
  8 great orbs of eyes
  A fire dragon (Depths:2)
  19 jiangshi
  3 deep elf high priests
  31 vault guards
  10 yaktaur captains
  6 green deaths
  6 ice dragons
  A quicksilver dragon skeleton (Crypt:3)
  3 death cobs (Crypt:3)
  3 hydras
  2 minotaurs
  5 naga warriors
  7 monstrous demonspawn (Pan)
  2 ghost crabs (Zig:11)
  3 merfolk avatars
  3 centaur warriors
  A deep troll earth mage (Depths:2)
  7 hell beasts
  Erica (Lair:6)
  3 spriggan air magi
  A satyr (Shoals:5)
  A death knight (Crypt:3)
  2 alligator snapping turtles (Shoals:4)
  7 anacondas
  4 ogre magi
  15 dancing weapons (Elf:2)
  A ghost crab (shapeshifter) (Vaults:5)
  2 alligators (Zig:11)
  5 merfolk aquamancers
  A shock serpent (shapeshifter) (Vaults:5)
  A tengu warrior (Depths:2)
  A death yak (IceCv)
  3 vampire magi (Crypt:3)
  A deep troll shaman (Vaults:5)
  4 orc high priests
  A spectral storm dragon (Tomb:3)
  4 thrashing horrors
  Urug (Orc:3)
  3 hell hogs (Pan)
  9 naga sharpshooters
  14 deep elf knights
  A catoblepas (shapeshifter) (Zig:2)
  13 soul eaters
  2 shock serpents
  2 wretched stars (Zig:7)
  10 sun demons
  A salamander mystic (Snake:4)
  12 shadow wraiths
  7 gelid demonspawn (Pan)
  A hell knight (Depths:3)
  3 ice devils (Pan)
  16 skeletal warriors
  A storm dragon skeleton (Pan)
  A spriggan druid (Zig:11)
  A fire crab (Zig:8)
  11 deep trolls
  A giant orange brain (Depths:3)
  A death drake (shapeshifter) (Vaults:5)
  An unseen horror (D:10)
  8 orc knights
  12 death scarabs
  9 flayed ghosts
  11 cherubim (Pan)
  4 infernal demonspawn (Pan)
  5 naga ritualists
  12 sea snakes
  5 torturous demonspawn (Pan)
  11 deep elf summoners
  12 shadow demons (Pan)
  An ice statue (IceCv)
  An ironbrand convoker (Vaults:1)
  6 small abominations
  An obsidian statue (WizLab)
  18 anubis guards
  8 putrid demonspawn (Pan)
  A sphinx zombie (Depths:3)
  A harpy (shapeshifter) (Vaults:5)
  4 wizards
  23 deep elf conjurers
  28 harpies
  6 necromancers
  28 ugly things
  15 sixfirhies
  A hornet (Tomb:2)
  A shadow dragon skeleton (Depths:3)
  A wolf spider (shapeshifter) (Vaults:5)
  A wolf spider zombie (D:15)
  9 griffons
  2 tengu zombies
  7 hill giants
  5 mana vipers
  8 water nymphs
  A worldbinder (WizLab)
  2 wolf spiders
  2 salamanders
  9 cyclopes
  2 fauns (shapeshifter)
  8 shining eyes
  A draconian (shapeshifter) (Zig:1)
  An octopode (shapeshifter) (Zig:5)
  2 phantasmal warriors (Vaults:5)
  3 orc sorcerers
  9 manticores
  2 fire giant skeletons
  26 black mambas
  4 elephants (Lair:5)
  A frost giant skeleton (Vaults:5)
  A stone giant skeleton (WizLab)
  5 rust devils (Pan)
  A black mamba (shapeshifter) (Vaults:5)
  A hornet (shapeshifter) (Elf:1)
  5 sirens
  3 centaur zombies
  A guardian serpent (shapeshifter) (D:13)
  6 vault sentinels
  6 hellions (Pan)
  12 naga magi
  4 eyes of devastation
  An apocalypse crab (Zig:7)
  A yaktaur zombie (Vaults:2)
  39 yaktaurs
  12 smoke demons
  5 spiny frogs
  An elf (Tomb:2)
  3 efreet
  14 orange demons
  9 demonic crawlers
  13 red devils
  A fire drake (shapeshifter) (Depths:5)
  A queen bee (Depths:3)
  2 kobold demonologists (D:13)
  26 hellwings
  5 trolls
  8 freezing wraiths
  A tengu conjurer (D:15)
  5 komodo dragons
  A golden dragon simulacrum (Zig:6)
  17 deep elf priests
  A jumping spider (shapeshifter) (Vaults:2)
  23 merfolk
  2 tormentors (Pan)
  2 fire drakes (Lair:8)
  9 blue devils
  Sonja (D:12)
  8 polar bears
  2 wind drakes (Shoals:5)
  25 guardian mummies
  A raiju (Zig:3)
  14 blink frogs
  2 giant leeches (Zig:11)
  28 large abominations
  3 boulder beetles
  4 ravens
  A hornet zombie (D:15)
  A spectral manticore (Crypt:3)
  15 ushabtiu
  2 jumping spiders (Zig:7)
  4 trapdoor spiders
  2 bog bodies (Zig:11)
  49 slime creatures
  An elf zombie (Depths:3)
  A raiju (shapeshifter) (Depths:3)
  11 two-headed ogres
  6 snapping turtles
  An ettin zombie (Crypt:1)
  3 vampires
  An air elemental (WizLab)
  10 basilisks
  39 flying skulls
  2 tarantellas
  6 redbacks
  5 shadows
  6 wraiths
  14 neqoxecs (Pan)
  14 water elementals
  13 ynoxinuls (Pan)
  A spriggan skeleton (Depths:3)
  29 deep elf magi
  Eustachio (D:4)
  A centaur simulacrum (D:15)
  4 chaos spawn
  39 yaks
  A fire bat (shapeshifter) (Vaults:5)
  12 golden eyes
  2 wyverns
  2 hungry ghosts (D:12)
  2 vampire mosquitoes
  32 wolves
  A warg (Orc:3)
  18 deep elf fighters
  An insubstantial wisp (Zig:3)
  2 spatial vortices (WizLab)
  4 porcupines
  2 hell hounds (WizLab)
  5 hippogriffs
  6 humans (D:11)
  39 nagas
  A spectral snapping turtle (Crypt:3)
  26 water moccasins
  A deep troll skeleton (Vaults:5)
  19 ice beasts
  4 swamp drakes
  A black bear (D:8)
  An ettin simulacrum (Vaults:2)
  40 ogres
  52 orc warriors
  2 sky beasts
  14 crocodiles
  8 necrophages
  8 eyes of draining
  8 centaurs
  2 human skeletons
  A boring beetle (Lair:7)
  Duvessa (D:5)
  A big kobold (D:13)
  A brain worm (Pan)
  An elf skeleton (Crypt:3)
  17 giant frogs
  A glowing shapeshifter simulacrum (Vaults:2)
  3 scorpions
  22 killer bees
  A spectral felid (Zig:11)
  13 wights
  An electric eel (Snake:3)
  Dowan (D:5)
  2 goliath beetles (D:8)
  5 crimson imps
  8 hounds
  26 orc priests
  3 quasits
  4 human zombies
  Crazy Yiuf (D:4)
  25 jellies
  2 centaur skeletons
  3 iron imps
  11 iguanas
  18 orc wizards
  2 worker ants
  2 hell rats (D:12)
  Ijyb (D:11)
  20 sheep
  A giant frog simulacrum (D:11)
  18 mummies
  Robin (D:3)
  11 gnolls
  22 adders
  8 river rats (Lair:8)
  6 shadow imps
  7 white imps
  A giant mite (D:1)
  2 worms
  13 ufetubi
  A lava snake skeleton (Crypt:1)
  A spectral river rat (Zig:11)
  3 giant geckos
  An ooze (D:5)
  124 orcs
  2 giant cockroaches
  24 goblins
  13 hobgoblins
  9 jackals
  11 kobolds
  6 quokkas
  3 ball pythons
  10 bats
  A giant gecko skeleton (D:5)
  6 giant newts
  A lurking horror (WizLab)
  7 orc zombies
  2 quokka skeletons
  5 rats
  A crawling corpse (Elf:3)
  An eldritch tentacle segment (WizLab)
  A fungus (D:4)
  A grand avatar (Pan)
  A plant (Shoals:5)
  2 tentacles (Shoals:1)
2525 creatures vanquished.

Vanquished Creatures (collateral kills)
  2 greater mummies
  An acid blob (Slime:6)
  2 Executioners (Pan)
  2 greater nagas (Snake:5)
  An orc warlord (Orc:4)
  A balrug (Pan)
  A merfolk impaler (Shoals:5)
  A naga warrior (Snake:1)
  4 hydras
  An orc high priest (Orc:4)
  A naga sharpshooter (Snake:5)
  A sun demon (Pan)
  A death scarab (Tomb:1)
  2 infernal demonspawn (Pan)
  2 naga ritualists
  3 orc knights
  A lindwurm (Lair:8)
  A mana viper (Snake:4)
  3 salamanders
  An orc sorcerer (Orc:4)
  4 hornets (Tomb:2)
  An elephant (Lair:5)
  4 black mambas
  A sixfirhy (Pan)
  A manticore (Lair:6)
  3 orange demons
  2 air elementals
  A spiny frog (Lair:2)
  A torpor snail (Lair:5)
  A naga mage (Snake:5)
  A smoke demon (Pan)
  A komodo dragon (Lair:2)
  A merfolk (Shoals:5)
  A fire drake (Lair:8)
  2 guardian mummies (Tomb:2)
  A hellwing (Pan)
  5 red devils
  5 polar bears (IceCv)
  A bog body (Zig:11)
  An ushabti (Tomb:1)
  2 basilisks
  A wyvern (Lair:8)
  A water elemental (Shoals:5)
  10 yaks
  A ynoxinul (Pan)
  Grum (Orc:4)
  A human (D:11)
  4 wolves
  A warg (Orc:4)
  3 nagas
  An ice beast (IceCv)
  A porcupine (Lair:4)
  A necrophage (D:9)
  An orc warrior (Bailey)
  A phantom (D:10)
  2 crocodiles (Lair:4)
  A gnoll sergeant (D:10)
  A wight (D:8)
  A giant frog zombie (D:10)
  4 orc priests
  5 orc wizards
  A centaur skeleton (D:10)
  A giant frog skeleton (D:10)
  4 sheep (Lair:4)
  2 mummies (Tomb:3)
  3 gnolls (D:10)
  3 adders
  An orc zombie (Orc:4)
  3 river rats (Lair:8)
  A shadow imp (D:8)
  A white imp (D:11)
  31 orcs
165 creatures vanquished.

Vanquished Creatures (others)
  2 eldritch tentacles
  119 spectral weapons
  A lorocyproca (Pan)
  A hydra (Zig:11)
  2 dancing weapons (Slime:6)
  A shadow demon (Pan)
  A death scarab (Tomb:2)
  2 swamp dragons (Zig:11)
  A hornet (Tomb:2)
  A draconian (shapeshifter) (Zig:7)
  A fire giant skeleton (Tomb:2)
  A black mamba (Snake:1)
  2 drowned souls (Shoals:5)
  9 air elementals
  2 sixfirhies (Pan)
  11 water elementals
  An emperor scorpion zombie (Tomb:2)
  A guardian mummy (Tomb:2)
  A hellwing (Pan)
  A yaktaur (Vaults:5)
  A hydra skeleton (Tomb:3)
  3 ravens
  An ushabti (Tomb:2)
  A blink frog (Lair:7)
  11 flying skulls (Tomb:2)
  2 yaks
  4 fire elementals
  2 neqoxecs (Pan)
  A deep elf fighter (Vaults:5)
  A vampire mosquito (Zig:8)
  A golden eye (Pan)
  A water moccasin (Zig:11)
  2 swamp drakes (Zig:11)
  2 crocodiles
  4 lost souls (Crypt:3)
  55 ice beasts
  A goliath beetle (Zig:8)
  2 orc wizards (Orc:4)
  2 worker ants (Zig:8)
  5 mummies (Tomb:2)
  A white imp (Pan)
  A shadow imp (Tomb:2)
  A worm (Zig:8)
  2 orc zombies
  5 orcs
  777 eldritch tentacle segments
  8 fungi
  5 plants
  23 tentacles (Shoals:1)
  356 tentacle segments (Shoals:1)
1442 creatures vanquished.

Grand Total: 4132 creatures vanquished

Notes
Turn   | Place    | Note
--------------------------------------------------------------
     0 | D:1      | Charly, the Merfolk Ice Elementalist, began the quest for the Orb.
     0 | D:1      | Reached XP level 1. HP: 13/13 MP: 3/3
   109 | D:1      | Reached skill level 4 in Ice Magic
   109 | D:1      | Reached XP level 2. HP: 11/19 MP: 0/4
   246 | D:1      | You fall through a shaft!
   266 | D:2      | Reached XP level 3. HP: 10/24 MP: 1/6
   566 | D:3      | Learned a level 3 spell: Ozocubu's Armour
   686 | D:3      | Reached XP level 4. HP: 21/30 MP: 4/7
   717 | D:2      | Reached skill level 1 in Charms
   774 | D:3      | Reached skill level 5 in Ice Magic
   953 | D:3      | Noticed Grinder
   991 | D:4      | Found a white marble altar of Elyvilon.
  1006 | D:4      | Noticed an ogre
  1031 | D:4      | Killed an ogre
  1031 | D:4      | Reached XP level 5. HP: 15/35 MP: 9/9
  1037 | D:4      | Learned a level 4 spell: Summon Ice Beast
  1139 | D:4      | Found a burning altar of Makhleb.
  1266 | D:4      | Found a blossoming altar of Fedhas.
  1304 | D:4      | Noticed a moth of wrath
  1305 | D:4      | Found a bloodstained altar of Trog.
  1319 | D:4      | Found a sacrificial altar of Ru.
  1372 | D:4      | Reached XP level 6. HP: 36/41 MP: 4/10
  1375 | D:4      | Reached skill level 1 in Summonings
  1434 | D:4      | Noticed Crazy Yiuf
  1454 | D:4      | Killed Crazy Yiuf
  1520 | D:4      | Noticed Eustachio
  1535 | D:4      | Killed Eustachio
  1617 | D:4      | Reached skill level 6 in Ice Magic
  1617 | D:4      | Reached XP level 7. HP: 46/46 MP: 9/12
  1724 | D:3      | Noticed Robin
  1754 | D:3      | Killed Robin
  1959 | D:5      | Entered Level 5 of the Dungeon
  1992 | D:5      | Found a sparkling altar of Nemelex Xobeh.
  2002 | D:5      | Reached skill level 1 in Polearms
  2231 | D:5      | Noticed Duvessa
  2237 | D:5      | Noticed Dowan
  2254 | D:5      | Killed Duvessa
  2257 | D:5      | Killed Dowan
  2257 | D:5      | Reached XP level 8. HP: 31/52 MP: 2/13
  2350 | D:6      | Reached skill level 7 in Ice Magic
  2373 | D:6      | Found a staircase to the Ecumenical Temple.
  2396 | Temple   | Entered the Ecumenical Temple
  2449 | Temple   | Became a worshipper of Ashenzari the Shackled
  2651 | D:6      | Reached skill level 5 in Polearms
  2732 | D:6      | Found a radiant altar of Vehumet.
  2732 | D:6      | Found a glowing golden altar of the Shining One.
  3063 | D:8      | Reached skill level 5 in Summonings
  3195 | D:8      | Reached XP level 9. HP: 20/57 MP: 0/16
  3680 | D:9      | Reached skill level 8 in Polearms
  3780 | D:9      | Learned a level 4 spell: Condensation Shield
  3788 | D:10     | Entered Level 10 of the Dungeon
  3817 | D:10     | Noticed a hill giant
  3843 | D:10     | Killed a hill giant
  3843 | D:10     | Reached skill level 1 in Fighting
  3843 | D:10     | Reached skill level 5 in Dodging
  3865 | D:10     | Killed an unseen horror
  3865 | D:10     | Reached skill level 9 in Polearms
  3865 | D:10     | Reached XP level 10. HP: 28/69 MP: 4/21
  3935 | D:10     | Noticed a hill giant
  3963 | D:10     | Killed a hill giant
  3963 | D:10     | Reached skill level 5 in Spellcasting
  4061 | D:10     | Reached skill level 10 in Polearms
  4080 | D:10     | Noticed an efreet
  4086 | D:10     | Killed an efreet
  4099 | D:10     | Noticed a brown ugly thing
  4102 | D:10     | Noticed an efreet
  4109 | D:10     | Killed an efreet
  4110 | D:10     | Killed a brown ugly thing
  4115 | D:10     | Reached skill level 5 in Fighting
  4208 | D:10     | Upgraded the game from 0.16-a0-3962-g290d66c to 0.16-a0-3972-g91ea21f
  4432 | D:10     | Reached skill level 11 in Polearms
  4468 | D:10     | Learned a level 1 spell: Apportation
  4551 | D:10     | Reached skill level 1 in Translocations
  4580 | D:10     | Reached XP level 11. HP: 60/80 MP: 13/25
  4723 | D:11     | Noticed Ijyb
  4729 | D:11     | Reached skill level 5 in Translocations
  4767 | D:11     | Killed Ijyb
  4813 | D:11     | Acquired Ashenzari's first power
  4994 | D:11     | Found a flagged portal.
  5008 | Bailey   | Entered a bailey
  5427 | Bailey   | Noticed an orc knight
  5495 | Bailey   | Killed an orc knight
  5555 | Bailey   | Identified a scroll of acquirement
  5556 | Bailey   | Got the cursed demon trident "Struang" {venom, rElec Str+4}
  5557 | Bailey   | Identified the cursed +0 demon trident "Struang" {venom, rElec Str+4} (You acquired it in a bailey)
  5654 | D:11     | Found a staircase to the Lair.
  5658 | D:11     | Noticed a hill giant
  5671 | D:11     | Killed a hill giant
  5701 | D:11     | Reached skill level 12 in Polearms
  5865 | D:11     | Found a staircase to the Orcish Mines.
  5884 | D:11     | Reached skill level 1 in Evocations
  5986 | Lair:1   | Entered Level 1 of the Lair of Beasts
  6294 | Lair:2   | Reached XP level 12. HP: 50/91 MP: 7/27
  6320 | Lair:2   | Reached skill level 10 in Dodging
  6423 | Lair:3   | Acquired Ashenzari's second power
  6452 | Lair:3   | Found a labyrinth entrance.
  6465 | Lab      | Entered a labyrinth
  6960 | Lab      | Noticed a minotaur
  6985 | Lab      | Killed a minotaur
  7314 | Lair:3   | Acquired Ashenzari's third power
  7317 | Lair:3   | Reached skill level 5 in Evocations
  7402 | Lair:3   | Noticed inmateoo's ghost (powerful TeGl)
  7810 | Lair:5   | Found a frozen archway.
  7870 | IceCv    | Entered an ice cave
  7985 | IceCv    | Reached XP level 13. HP: 101/101 MP: 12/29
  8155 | IceCv    | Reached skill level 10 in Fighting
  8483 | IceCv    | Noticed a death yak
  8586 | IceCv    | Killed a death yak
  8592 | IceCv    | Reached skill level 13 in Dodging
  8606 | IceCv    | Noticed Shredu92's ghost (powerful DDFi)
  8691 | IceCv    | Noticed a death yak
  8691 | IceCv    | Noticed a frost giant
  8846 | Lair:5   | Noticed a five-headed hydra
  8854 | Lair:5   | Killed a five-headed hydra
  8908 | Lair:5   | Noticed a seven-headed hydra
  8927 | Lair:5   | Found a staircase to the Snake Pit.
  8958 | Lair:5   | Got the cursed rapier "Beastslayer" {vamp, +Blink rN+ Str+4 Dex-4}
  9087 | Lair:6   | Found a staircase to the Shoals.
  9229 | Lair:6   | Noticed Erica
  9245 | Lair:6   | Killed Erica
  9281 | Lair:6   | Acquired Ashenzari's fourth power
  9651 | Lair:8   | Entered Level 8 of the Lair of Beasts
  9757 | Lair:8   | Reached skill level 14 in Dodging
  9866 | Lair:8   | Reached XP level 14. HP: 48/111 MP: 6/30
  9929 | Lair:8   | Reached skill level 5 in Charms
 10086 | Lair:7   | Found a viscous altar of Jiyva.
 10087 | Lair:7   | Found a staircase to the Slime Pits.
 10206 | Lair:8   | Noticed a dire elephant
 10265 | Lair:8   | Killed a dire elephant
 10422 | Lair:8   | Found a burning altar of Makhleb.
 10630 | Lair:8   | Found a gateway to Hell.
 10866 | Orc:1    | Entered Level 1 of the Orcish Mines
 11020 | Orc:1    | Learned a level 4 spell: Control Teleport
 11026 | Orc:1    | Learned a level 5 spell: Metabolic Englaciation
 11031 | Orc:1    | Learned a level 2 spell: Blink
 11034 | Orc:1    | Learned a level 2 spell: Repel Missiles
 11325 | Orc:4    | Entered Level 4 of the Orcish Mines
 11438 | Orc:3    | Noticed Urug
 11460 | Orc:3    | Killed Urug
 11544 | Orc:4    | Noticed Grum
 11569 | Orc:4    | Killed Grum
 11702 | Orc:4    | Noticed Erolcha
 11754 | Orc:4    | Found a roughly hewn altar of Beogh.
 11754 | Orc:4    | Found Tujycsoaby's Antique Weapon Emporium.
 11754 | Orc:4    | Found Zocehuvo's Antique Armour Shoppe.
 11754 | Orc:4    | Noticed an orc warlord
 11793 | Orc:3    | Found a staircase to the Elven Halls.
 11859 | Orc:4    | Found a roughly hewn altar of Beogh.
 11872 | Orc:4    | Found Saam's General Store.
 11880 | Orc:4    | Reached skill level 15 in Dodging
 11918 | Orc:4    | Bought a beef jerky for 16 gold pieces
 11972 | Orc:4    | Found a roughly hewn altar of Beogh.
 11972 | Orc:4    | Found Caip's Book Shoppe.
 12069 | Orc:4    | Found a roughly hewn altar of Beogh.
 12329 | Orc:4    | Reached skill level 1 in Hexes
 12403 | Orc:4    | Killed an orc warlord
 12426 | Orc:4    | Bought a jewelled buckler for 332 gold pieces
 12435 | Orc:4    | Identified the +0 buckler of the Doge {rPois+ MR+ rCorr Stlth+} (You bought it in a shop on level 4 of the Orcish Mines)
 12489 | Orc:4    | Bought a +2 plate armour of poison resistance for 407 gold pieces
 12491 | Orc:4    | Bought a scroll of recharging for 104 gold pieces
 12665 | D:12     | Noticed Sonja
 12778 | D:12     | Reached skill level 1 in Shields
 12819 | D:12     | Killed Sonja
 12853 | D:12     | Found Reumif's Magic Scroll Shop.
 12857 | D:12     | Bought 3 scrolls of teleportation for 117 gold pieces
 12857 | D:12     | Bought a scroll of brand weapon for 260 gold pieces
 12857 | D:12     | Bought a scroll of amnesia for 45 gold pieces
 12857 | D:12     | Bought a scroll of identify for 26 gold pieces
 12857 | D:12     | Bought a scroll of magic mapping for 45 gold pieces
 12857 | D:12     | Bought a scroll of enchant weapon for 97 gold pieces
 12857 | D:12     | Bought a scroll of identify for 26 gold pieces
 12857 | D:12     | Bought a scroll of teleportation for 39 gold pieces
 12859 | D:12     | Reached skill level 16 in Dodging
 12859 | D:12     | Reached XP level 15. HP: 118/118 MP: 31/31
 12968 | D:12     | Reached skill level 5 in Hexes
 13373 | D:14     | Found a sparkling altar of Nemelex Xobeh.
 13436 | D:14     | Noticed Maud
 13459 | D:14     | Killed Maud
 13544 | D:14     | Reached XP level 16. HP: 88/126 MP: 14/31
 13569 | D:14     | Found a gate to the Vaults.
 13834 | D:15     | Entered Level 15 of the Dungeon
 13936 | D:15     | Found a shattered altar of Ashenzari.
 14152 | D:15     | Found a staircase to the Depths.
 14280 | D:15     | Reached skill level 17 in Dodging
 14418 | D:12     | Learned a level 5 spell: Phase Shift
 14422 | D:12     | Learned a level 3 spell: Passwall
 14608 | Snake:1  | Entered Level 1 of the Snake Pit
 14856 | Snake:1  | Gained mutation: Your spells are a little harder to cast, but a little more powerful. [potion of beneficial mutation]
 15372 | Snake:2  | Reached skill level 10 in Translocations
 15396 | Snake:2  | Reached skill level 1 in Transmutations
 15537 | Snake:3  | Reached skill level 1 in Earth Magic
 15690 | Snake:3  | Reached XP level 17. HP: 89/133 MP: 2/33
 15740 | Snake:3  | Found a blossoming altar of Fedhas.
 16068 | Snake:5  | Entered Level 5 of the Snake Pit
 16142 | Snake:5  | Learned a level 2 spell: Stoneskin
 16323 | Snake:5  | Noticed Wiglaf
 16413 | Snake:5  | Lost mutation: Your spells are a little harder to cast, but a little more powerful. [helix card]
 16413 | Snake:5  | Gained mutation: You can breathe flames. [helix card]
 16574 | Snake:5  | Your ally Charly died
 16631 | Snake:5  | Identified a +0 rod of clouds (13/13) (You found it on level 2 of the Snake Pit)
 16648 | Snake:5  | Killed Wiglaf
 17121 | Snake:5  | Reached skill level 10 in Spellcasting
 17498 | Snake:5  | Reached skill level 15 in Polearms
 17550 | Snake:5  | Got a serpentine rune of Zot
 17860 | Shoals:1 | Entered Level 1 of the Shoals
 17860 | Shoals:1 | Noticed Frances
 17884 | Shoals:1 | Killed Frances
 17972 | Shoals:1 | Reached skill level 18 in Dodging
 18173 | Shoals:2 | Noticed Jorgrun
 18223 | Shoals:2 | Killed Jorgrun
 18354 | Shoals:2 | Reached XP level 18. HP: 51/140 MP: 28/35
 18788 | Shoals:5 | Entered Level 5 of the Shoals
 18839 | Shoals:5 | Noticed Ilsuiw
 18895 | Shoals:5 | Killed Ilsuiw
 18933 | Shoals:5 | Found Froix's Armour Emporium.
 19029 | Shoals:5 | Identified the +6 chain mail of the Black Moon {rElec Str-4 Dex+7 Slay+3 SInv}
 19093 | Shoals:5 | Noticed dysrexia's ghost (mighty KoAs)
 19181 | Shoals:5 | Killed dysrexia's ghost
 19310 | Shoals:5 | Reached skill level 19 in Dodging
 19573 | Shoals:5 | Got a barnacled rune of Zot
 19642 | Shoals:5 | Identified a +4 rod of inaccuracy (12/12) (You found it on level 5 of the Shoals)
 19869 | Slime:1  | Entered Level 1 of the Pits of Slime
 20163 | Elf:1    | Entered Level 1 of the Elven Halls
 20336 | Elf:2    | Found Qigitap's Book Shoppe.
 20360 | Elf:2    | Bought a book of Battle for 720 gold pieces
 20364 | Elf:2    | Learned a level 3 spell: Regeneration
 20368 | Elf:2    | Learned a level 3 spell: Spectral Weapon
 20484 | Elf:2    | Reached skill level 1 in Necromancy
 20558 | Elf:2    | Found a portal to a secret trove of treasure.
 20667 | Elf:2    | Reached XP level 19. HP: 114/146 MP: 7/37
 20866 | Elf:2    | Found a runed gate.
 20867 | Elf:2    | Found a runed gate.
 20877 | Elf:2    | Found a runed gate.
 20995 | Elf:3    | Entered Level 3 of the Elven Halls
 21284 | Elf:3    | Reached skill level 20 in Dodging
 21655 | Elf:3    | Reached skill level 10 in Evocations
 21744 | Elf:3    | Identified the +0 pair of gloves of Parlour Games {rC+ Int+3}
 21753 | Elf:3    | Identified the Reference Book on Execration (You found it on level 3 of the Elven Halls)
 21803 | Elf:3    | Identified the cursed -5 robe of Misfortune {-Cast Contam *Tele EV-4 Str-2 Int-2 Dex-2 Stlth-- Curse}
 21807 | Elf:3    | Identified the +1 pair of boots of the Lair of Beasts {+Blink Regen+ Dex+2}
 21870 | Elf:3    | Learned a level 3 spell: Flight
 21962 | Elf:2    | Bought a book of Transfigurations for 990 gold pieces
 21969 | Elf:2    | Learned a level 6 spell: Statue Form
 22018 | Elf:1    | Identified the Compendium of Arcane Weapons (You found it on level 1 of the Elven Halls)
 22052 | Elf:1    | Noticed Louise
 22074 | Elf:1    | Killed Louise
 22085 | Elf:1    | Identified a +9 rod of ignition (10/10) (You took it off a deep elf sorcerer on level 3 of the Elven Halls)
 22289 | D:11     | Identified a cursed +4 rod of clouds (13/13) (You took it off a deep elf sorcerer on level 3 of the Elven Halls)
 22578 | Slime:3  | Reached XP level 20. HP: 128/157 MP: 3/38
 22700 | Slime:6  | Entered Level 6 of the Pits of Slime
 22785 | Slime:6  | Noticed the royal jelly
 22800 | Slime:5  | Reached skill level 21 in Dodging
 22953 | Slime:6  | Found a viscous altar of Jiyva.
 23191 | Slime:6  | Killed the royal jelly
 23192 | Slime:6  | Identified the +2 robe "Ghexotat" {rF++ Int-4}
 23192 | Slime:6  | Identified the +2 robe "Zuggozai" {Dex+4}
 23272 | Slime:6  | Identified Joakidy's Almanac of Ghastly Moulding (You found it on level 6 of the Pits of Slime)
 23290 | Slime:6  | Got a slimy rune of Zot
 23354 | Slime:6  | Identified The Second Course in Witchery (You found it on level 6 of the Pits of Slime)
 23411 | Lair:7   | Learned a level 5 spell: Silence
 23683 | Vaults:1 | Entered Level 1 of the Vaults
 23683 | Vaults:1 | Found Qyigo's Magic Scroll Shop.
 23687 | Vaults:1 | Bought a scroll of remove curse for 36 gold pieces
 23687 | Vaults:1 | Bought a scroll of teleportation for 36 gold pieces
 23687 | Vaults:1 | Bought a scroll of enchant weapon for 90 gold pieces
 23687 | Vaults:1 | Bought a scroll of enchant weapon for 90 gold pieces
 23687 | Vaults:1 | Bought a scroll of fog for 24 gold pieces
 23687 | Vaults:1 | Bought a scroll of identify for 24 gold pieces
 23762 | Vaults:1 | Reached skill level 1 in Air Magic
 24097 | Vaults:2 | Reached skill level 5 in Transmutations
 24236 | Vaults:2 | Reached XP level 21. HP: 140/163 MP: 33/40
 24369 | Vaults:3 | Noticed Mara
 24422 | Vaults:2 | Noticed Nikola
 24440 | Vaults:2 | Killed Nikola
 24467 | Vaults:2 | Found a staircase to the Crypt.
 24631 | Vaults:3 | Killed Mara
 24924 | Vaults:4 | Found a roughly hewn altar of Beogh.
 24926 | Vaults:4 | Reached skill level 5 in Air Magic
 25070 | Vaults:4 | Found a magical portal.
 25083 | WizLab   | Entered The Roulette of Golubria
 25085 | WizLab   | Found a corrupted altar of Lugonu.
 25086 | WizLab   | Identified the +0 cloak "Chafel" {MR++ MP+9 Dex-2}
 25166 | WizLab   | Identified the +1 cloak of Qiohyen {rF- Int+6}
 25209 | WizLab   | Identified Vorghe's Papyrus of Displacement (You found it in a wizard's laboratory)
 25353 | WizLab   | Reached skill level 15 in Spellcasting
 25513 | Vaults:5 | Entered Level 5 of the Vaults
 25620 | Vaults:5 | Reached skill level 1 in Armour
 25737 | Vaults:5 | Reached XP level 22. HP: 134/172 MP: 17/41
 25742 | Vaults:5 | Reached skill level 10 in Transmutations
 25858 | Vaults:5 | Reached skill level 5 in Earth Magic
 25940 | Vaults:5 | Identified the ring of Temperance {Ice rElec} (You took it off a vault guard on level 5 of the Vaults)
 25989 | Vaults:5 | Reached skill level 5 in Stealth
 26099 | Vaults:5 | Reached skill level 10 in Stealth
 26203 | Vaults:5 | Identified the +6 scale mail "Dodghiam" {+Inv}
 26341 | Vaults:5 | Got a silver rune of Zot
 26450 | Vaults:5 | Reached skill level 15 in Stealth
 26700 | Vaults:5 | Reached XP level 23. HP: 166/178 MP: 34/41
 27028 | Depths:1 | Entered Level 1 of the Depths
 27086 | Depths:2 | Found a gateway to a ziggurat.
 27099 | Depths:2 | Reached skill level 22 in Dodging
 27113 | Zig:1    | Entered Level 1 of a ziggurat
 27138 | Zig:2    | Entered Level 2 of a ziggurat
 27141 | Zig:2    | Identified the ring "Caullet" {+cTele rElec SInv}
 27158 | Zig:3    | Entered Level 3 of a ziggurat
 27185 | Zig:3    | Got the demon trident "Blo Roeliff" {drain, rPois+ MR+++}
 27186 | Zig:3    | Identified the +3 demon trident "Blo Roeliff" {drain, rPois+ MR+++} (You found it on level 3 of a ziggurat)
 27189 | Zig:4    | Entered Level 4 of a ziggurat
 27190 | Zig:4    | Noticed a greater mummy
 27217 | Zig:4    | Killed a greater mummy
 27288 | Zig:5    | Entered Level 5 of a ziggurat
 27337 | Zig:6    | Entered Level 6 of a ziggurat
 27342 | Zig:6    | Noticed a shard shrike
 27348 | Zig:6    | Noticed a shard shrike
 27353 | Zig:6    | Killed a shard shrike
 27358 | Zig:6    | Killed a shard shrike
 27393 | Zig:6    | Gained mutation: You are partially covered in rough black scales (AC +4, Dex -1). [potion of beneficial mutation]
 27395 | Zig:7    | Entered Level 7 of a ziggurat
 27466 | Zig:8    | Entered Level 8 of a ziggurat
 27470 | Zig:8    | Identified a +9 rod of the swarm (12/12) (You found it on level 3 of a ziggurat)
 27555 | Zig:9    | Entered Level 9 of a ziggurat
 27599 | Zig:9    | Reached skill level 15 in Fighting
 27630 | Zig:9    | Identified the ring "Jaoheg" {Fire Int+12}
 27633 | Zig:9    | Identified the cursed -4 cloak "Ynlumaeg" {-Cast rC+ rN+ Int-2 Slay+2}
 27691 | Zig:10   | Entered Level 10 of a ziggurat
 27735 | Zig:10   | Noticed a shard shrike
 27761 | Zig:10   | Reached skill level 23 in Dodging
 27763 | Zig:10   | Noticed a shard shrike
 27770 | Zig:10   | Identified the +1 plate armour of Springtime {rPois+ rC+}
 27771 | Zig:10   | Identified the Tome of Virous Arcane Weapons (You found it on level 10 of a ziggurat)
 27780 | Zig:11   | Entered Level 11 of a ziggurat
 27851 | Zig:11   | Identified the amulet of Twean {+Rage +Fly rPois+ MP+9 Slay-4 SInv}
 28069 | Depths:3 | Reached XP level 24. HP: 139/190 MP: 5/42
 28137 | Depths:3 | Found a runed door.
 28524 | Depths:3 | Identified the cursed -3 robe "Etecimuch" {rPois- Int+3 SInv}
 28550 | Depths:3 | Found a one-way gate leading to the halls of Pandemonium.
 28551 | Depths:3 | Found a one-way gate to the infinite horrors of the Abyss.
 28684 | Depths:5 | Entered Level 5 of the Depths
 28751 | Depths:5 | Found a gate to the Realm of Zot.
 28795 | Depths:4 | Noticed Xtahua
 28975 | Crypt:1  | Entered Level 1 of the Crypt
 29058 | Crypt:3  | Entered Level 3 of the Crypt
 29152 | Crypt:3  | Found an ancient bone altar of Kikubaaqudgha.
 29553 | Crypt:3  | Noticed Jory
 29702 | Crypt:3  | Reached XP level 25. HP: 203/203 MP: 24/42
 29755 | Crypt:3  | Killed Jory
 29811 | Crypt:3  | Identified the ring of the Messenger {rC++ rN+ MP+9}
 29828 | Crypt:3  | Identified the ring of Xom's Righteous Fury {rF- rC+ rN+ Int+6 Stlth+}
 29841 | Crypt:3  | Found a staircase to the Tomb.
 29851 | Tomb:1   | Entered Level 1 of the Tomb of the Ancients
 29859 | Tomb:1   | Noticed Boris
 29886 | Tomb:1   | Killed Boris
 29898 | Tomb:1   | Noticed an ancient lich
 29922 | Tomb:1   | Killed an ancient lich
 29932 | Tomb:1   | Noticed a greater mummy
 29946 | Tomb:1   | Killed a greater mummy
 29946 | Tomb:1   | Reached skill level 15 in Evocations
 30066 | Tomb:1   | Noticed a greater mummy
 30081 | Tomb:1   | Killed a greater mummy
 30127 | Tomb:1   | Noticed a greater mummy
 30163 | Tomb:1   | Killed a greater mummy
 30172 | Tomb:1   | Noticed a greater mummy
 30175 | Tomb:1   | Noticed a greater mummy
 30193 | Tomb:1   | Noticed a greater mummy
 30212 | Tomb:1   | Killed a greater mummy
 30219 | Tomb:1   | Killed a greater mummy
 30258 | Tomb:1   | Killed a greater mummy
 30456 | Tomb:2   | Identified a +3 rod of destruction (10/10) (You found it on level 7 of a ziggurat)
 30458 | Tomb:3   | Entered Level 3 of the Tomb of the Ancients
 30519 | Tomb:3   | Noticed a greater mummy
 30543 | Tomb:3   | Noticed an ancient lich
 30592 | Tomb:3   | Noticed Mennas
 30775 | Tomb:3   | Noticed a greater mummy
 30777 | Tomb:3   | Noticed a greater mummy
 30791 | Tomb:2   | Killed a greater mummy
 30793 | Tomb:2   | Killed an ancient lich
 30887 | Tomb:2   | Killed Mennas
 30994 | Tomb:2   | Killed a greater mummy
 31057 | Tomb:2   | Killed a greater mummy
 31115 | Tomb:2   | Reached XP level 26. HP: 199/199 MP: 37/43
 31300 | Tomb:3   | Noticed a greater mummy
 31310 | Tomb:3   | Killed a greater mummy
 31330 | Tomb:3   | Noticed a greater mummy
 31331 | Tomb:3   | Noticed a greater mummy
 31355 | Tomb:3   | Killed a greater mummy
 31365 | Tomb:3   | Killed a greater mummy
 31411 | Tomb:3   | Noticed a greater mummy
 31416 | Tomb:3   | Killed a greater mummy
 31418 | Tomb:3   | Got a golden rune of Zot
 31455 | Tomb:3   | Identified the cursed -6 chain mail of Incorporation {rC++ Dex+4 Slay-3}
 31462 | Tomb:3   | Identified the +1 pair of gloves of Klono {rElec Int+4 Dex-2}
 31556 | Tomb:3   | Noticed a greater mummy
 31560 | Tomb:3   | Identified the +1 mace of Mana {drain, rPois+ rC+ MR++}
 31561 | Tomb:3   | Identified the cursed +3 flail "Mecsir" {flame, rC- rN+ Dex+2}
 31712 | Tomb:3   | Killed a greater mummy
 31724 | Tomb:3   | Identified the +5 great sword of Starshine {freeze, Int+7 Dex-4}
 31726 | Tomb:3   | Identified the Volume of the Boosting Voyage (You found it on level 3 of the Tomb of the Ancients)
 31726 | Tomb:3   | Identified the Disquisition on Arcane Weapons (You found it on level 3 of the Tomb of the Ancients)
 31750 | Tomb:3   | Gained mutation: You are agile. (Dex +2) [potion of beneficial mutation]
 31929 | Depths:3 | Gained mutation: You heal slowly when monsters are visible. [mutagenic glow]
 31955 | Pan      | Entered Pandemonium
 31962 | Pan      | Identified Ifaustro's Collected Works on Enchanting Summoning (You acquired it in Pandemonium)
 31965 | Pan      | Learned a level 1 spell: Summon Butterflies
 32039 | Pan      | Gained mutation: You are frail (-10% HP). [a neqoxec]
 32043 | Pan      | Noticed Liza the pandemonium lord
 32054 | Pan      | Killed Liza the pandemonium lord
 32088 | Pan      | Noticed Odwuskea the pandemonium lord
 32115 | Pan      | Killed Odwuskea the pandemonium lord
 32165 | Depths:3 | Escaped Pandemonium
 32167 | Pan      | Entered Pandemonium
 32257 | Pan      | Noticed Naoz the pandemonium lord
 32480 | Pan      | Found a huge runed gate.
 32480 | Pan      | Found a huge runed gate.
 32480 | Pan      | Found a huge runed gate.
 32480 | Pan      | Found a huge runed gate.
 32480 | Pan      | Found a huge runed gate.
 32480 | Pan      | Found a huge runed gate.
 32480 | Pan      | Found a huge runed gate.
 32480 | Pan      | Noticed Skarroj the pandemonium lord
 32592 | Pan      | Noticed Turiun the pandemonium lord
 32596 | Pan      | Killed Turiun the pandemonium lord
 32697 | Pan      | Entered the realm of Gloorx Vloq.
 32698 | Pan      | Upgraded the game from 0.16-a0-3972-g91ea21f to 0.16-a0-3987-g5719e88
 32738 | Pan      | Noticed Gloorx Vloq
 32828 | Pan      | Reached XP level 27. HP: 205/205 MP: 43/43
 33012 | Pan      | Killed Gloorx Vloq
 33030 | Pan      | Got a dark rune of Zot
 33226 | Pan      | Reached skill level 24 in Polearms
 33433 | Pan      | Noticed Smogam the pandemonium lord
 33530 | Pan      | Killed Smogam the pandemonium lord
 33842 | Pan      | Noticed Quseot the pandemonium lord
 33850 | Pan      | Killed Quseot the pandemonium lord
 33940 | Pan      | Entered the realm of Cerebov.
 33993 | Pan      | Identified the +0 chain mail of Leapfrog {+Blink}
 33993 | Pan      | Identified the amulet "Gedaze" {Stasis SInv}
 34007 | Pan      | Identified a +1 pair of boots of running
 34068 | Pan      | Noticed Cerebov
 34111 | Pan      | Reached skill level 25 in Polearms
 34126 | Pan      | Got a fiery rune of Zot
 34221 | Pan      | Identified the +8 chain mail of the Beggar {rElec Dex+6}
 34253 | Pan      | Noticed Kliyguoma the pandemonium lord
 34310 | Pan      | Killed Kliyguoma the pandemonium lord
 34482 | Pan      | Noticed Awkoaffe the pandemonium lord
 34496 | Pan      | Killed Awkoaffe the pandemonium lord
 34504 | Pan      | Learned a level 6 spell: Aura of Abjuration
 34570 | Pan      | Found an exit through the horrors of the Abyss.
 34765 | Pan      | Found an exit through the horrors of the Abyss.
 34924 | Pan      | Got a demonic rune of Zot
 34926 | Pan      | Noticed Urub the pandemonium lord
 34936 | Pan      | Killed Urub the pandemonium lord
 35249 | Pan      | Noticed a seraph
 35281 | Pan      | Killed a seraph
 35281 | Pan      | Identified the cursed ring "Reqedokhli" {MR++ Str+2 Int-4 Stlth-} (You took it off a seraph in Pandemonium)
 35281 | Pan      | Reached skill level 26 in Polearms
 35340 | Pan      | Found a glowing golden altar of the Shining One.
 35341 | Pan      | Identified the ring "Owog" {Wiz rPois- rN++ SInv}
 35346 | Pan      | Identified the +0 robe "Dashaqeg" {rPois+}
 35346 | Pan      | Identified the +6 scale mail of the Dungeon {Regen+ MP+9}
 35454 | Pan      | Found a white marble altar of Elyvilon.
 35609 | Pan      | Found a glowing silver altar of Zin.
 35777 | Pan      | Lost mutation: You are frail (-10% HP). [potion of cure mutation]
 35777 | Pan      | Lost mutation: You can breathe flames. [potion of cure mutation]
 35777 | Pan      | Lost mutation: You are agile. (Dex +2) [potion of cure mutation]
 35777 | Pan      | Lost mutation: You heal slowly when monsters are visible. [potion of cure mutation]
 35922 | Pan      | Gained mutation: You are frail (-10% HP). [mutagenic glow]
 35964 | Pan      | Found an exit through the horrors of the Abyss.
 36031 | Pan      | Lost mutation: You are frail (-10% HP). [potion of cure mutation]
 36031 | Pan      | Lost mutation: You are partially covered in rough black scales (AC +4, Dex -1). [potion of cure mutation]
 36132 | Pan      | Noticed Jaisaipu the pandemonium lord
 36151 | Pan      | Found an exit through the horrors of the Abyss.
 36206 | Pan      | Noticed Huuvisupt the pandemonium lord
 36220 | Pan      | Killed Huuvisupt the pandemonium lord
 36323 | Pan      | Found a gateway to a ziggurat.
 36340 | Zig:1    | Entered Level 1 of a ziggurat
 36360 | Zig:2    | Entered Level 2 of a ziggurat
 36378 | Zig:3    | Entered Level 3 of a ziggurat
 36416 | Zig:3    | Learned a level 7 spell: Controlled Blink
 36418 | Zig:4    | Entered Level 4 of a ziggurat
 36447 | Zig:5    | Entered Level 5 of a ziggurat
 36453 | Zig:5    | Identified a +4 rod of clouds (9/9) (You found it in Pandemonium)
 36491 | Zig:6    | Entered Level 6 of a ziggurat
 36535 | Zig:7    | Entered Level 7 of a ziggurat
 36557 | Zig:7    | Identified the amulet "Ywoti" {Faith Int+3}
 36568 | Zig:7    | Identified the +5 robe "Resimuka" {rC+ Dex-4 SInv}
 36573 | Zig:7    | Identified the ring "Uteochof" {MR+ Slay+2}
 36587 | Zig:8    | Entered Level 8 of a ziggurat
 36596 | Zig:8    | Identified the cursed -4 steam dragon armour of Deatanue {rC+ Int+3}
 36671 | Pan      | Entered the realm of Mnoleg.
 36850 | Pan      | Noticed Mnoleg
 36874 | Pan      | Paralysed by a giant eyeball for 3 turns
 36877 | Pan      | Slain by a large abomination

Action                   |  1- 3 |  4- 6 |  7- 9 | 10-12 | 13-15 | 16-18 | 19-21 | 22-24 | 25-27 || total
-------------------------+-------+-------+-------+-------+-------+-------+-------+-------+-------++-------
Melee: Unarmed           |    13 |       |       |       |       |       |       |       |       ||    13
       Whip              |    17 |    45 |    56 |       |       |       |       |       |       ||   118
       Spear             |       |       |   216 |   368 |       |       |       |       |       ||   584
       Demon trident     |       |       |       |   596 |  1320 |   234 |   613 |    86 |       ||  2849
       Trident           |       |       |       |       |   447 |  1337 |       |       |       ||  1784
       Glaive            |       |       |       |       |       |   628 |   591 |  1256 |   293 ||  2768
       Bardiche          |       |       |       |       |       |       |       |       |  1707 ||  1707
 Fire: Blowgun           |       |    17 |    32 |    85 |    22 |     5 |       |       |       ||   161
 Cast: Freeze            |    48 |    32 |    86 |     7 |       |       |       |       |       ||   173
       Ozocubu's Armour  |       |       |    12 |    41 |    53 |    59 |    20 |    33 |    44 ||   262
       Summon Ice Beast  |       |       |     4 |    52 |    66 |    29 |       |       |       ||   151
       Apportation       |       |       |       |    59 |   176 |   133 |    89 |    83 |   111 ||   651
       Condensation Shie |       |       |       |     6 |    23 |       |       |       |       ||    29
       Blink             |       |       |       |       |     9 |     7 |     4 |     1 |     1 ||    22
       Repel Missiles    |       |       |       |       |     2 |     8 |     2 |     3 |     2 ||    17
       Metabolic Englaci |       |       |       |       |     2 |    22 |       |       |       ||    24
       Phase Shift       |       |       |       |       |       |    27 |    17 |    34 |    66 ||   144
       Passwall          |       |       |       |       |       |    18 |    24 |     8 |    15 ||    65
       Control Teleport  |       |       |       |       |       |     3 |     4 |    22 |    26 ||    55
       Spectral Weapon   |       |       |       |       |       |     5 |    96 |    86 |   162 ||   349
       Regeneration      |       |       |       |       |       |     1 |    29 |    24 |    94 ||   148
       Statue Form       |       |       |       |       |       |       |       |     1 |    29 ||    30
       Silence           |       |       |       |       |       |       |       |     1 |    16 ||    17
       Stoneskin         |       |       |       |       |       |       |       |     1 |    25 ||    26
       Aura of Abjuratio |       |       |       |       |       |       |       |       |     1 ||     1
       Controlled Blink  |       |       |       |       |       |       |       |       |     1 ||     1
Invok: Scrying           |       |       |       |       |     3 |       |     1 |     1 |    11 ||    16
 Abil: Evoke Fog         |       |       |       |       |       |     2 |       |     5 |    19 ||    26
       Evoke Teleportati |       |       |       |       |       |       |       |    19 |    26 ||    45
       End Transformatio |       |       |       |       |       |       |       |       |     1 ||     1
       Evoke Blink       |       |       |       |       |       |       |       |       |     1 ||     1
Evoke: Wand              |       |       |    16 |    16 |    43 |    50 |    25 |     1 |    12 ||   163
       Lamp of fire      |       |       |       |     1 |     1 |     2 |     1 |       |       ||     5
       Deck              |       |       |       |     1 |     2 |     5 |     2 |       |     6 ||    16
       Rod               |       |       |       |       |       |     4 |     8 |    21 |     5 ||    38
       Fan of gales      |       |       |       |       |       |       |     2 |     1 |     4 ||     7
       Phial of floods   |       |       |       |       |       |       |       |     1 |     4 ||     5
  Use: Scroll            |     1 |     5 |    13 |     9 |    26 |    41 |    29 |    21 |    44 ||   189
       Potion            |       |       |     2 |     9 |     2 |    14 |    10 |     2 |    21 ||    60
 Stab: Sleeping          |       |     5 |     8 |    17 |    31 |    47 |    38 |    17 |    12 ||   175
       Paralysed         |       |       |     7 |       |       |     7 |       |       |       ||    14
       Invisible         |       |       |     4 |     3 |       |       |       |       |       ||     7
       Distracted        |       |       |       |     5 |    10 |    11 |    35 |    31 |    57 ||   149
       Fleeing           |       |       |       |       |     1 |     1 |       |       |       ||     2
       Confused          |       |       |       |       |     4 |    10 |       |       |       ||    14
  Eat: Chunk             |       |     3 |       |       |       |     3 |       |       |       ||     6
       Beef jerky        |       |       |     1 |     2 |     3 |     3 |     1 |     1 |     3 ||    14
       Bread ration      |       |       |     1 |       |       |     1 |       |     1 |     2 ||     5
       Meat ration       |       |       |     2 |     3 |     4 |     5 |     4 |     1 |     9 ||    28
       Fruit             |       |       |       |     5 |    11 |       |     3 |     4 |       ||    23
       Pizza             |       |       |       |       |       |     4 |     1 |     3 |     1 ||     9
       Royal jelly       |       |       |       |       |       |       |     3 |     5 |     7 ||    15
